 Dungeon Crawl Stone Soup version 0.23.1 (webtiles) character file.

Game seed: 1745473166038111466

82023 vishdafish the Protected (level 15, -5/132 HPs)
             Began as a Deep Dwarf Fighter on Mar 17, 2019.
             Was the Champion of Makhleb.
             Killed from afar by a battlesphere (16 damage)
             ... created by a tengu reaver
             ... on level 14 of the Dungeon.
             The game lasted 00:47:54 (19896 turns).

vishdafish the Protected (Deep Dwarf Fighter)      Turns: 19896, Time: 00:47:55

Health: -5/132     AC: 18    Str: 24    XL:     15   Next: 28%
Magic:  13/13      EV: 17    Int: 13    God:    Makhleb [******]
Gold:   1260       SH: 17    Dex: 15    Spells: 14/14 levels left

rFire    . . .     SeeInvis .   D - +0 war axe (vamp)
rCold    . . .     Gourm    .   c - +0 shield
rNeg     + . .     Faith    .   m - +2 chain mail {rPois}
rPois    +         Spirit   .   (no helmet)
rElec    .         Reflect  +   (no cloak)
rCorr    .         Harm     .   B - +2 pair of gloves {Dex+3}
MR       ++...                  (no boots)
Stlth    ..........             h - +3 amulet of reflection
HPRegen  0.00/turn              u - +2 ring of strength
MPRegen  0.13/turn              X - ring of stealth

@: non-regenerating
A: damage resistance, heal wounds, negative energy resistance 1, sense
surroundings 2, no regeneration
a: Heal Wounds, Minor Destruction, Lesser Servant of Makhleb, Major Destruction,
Greater Servant of Makhleb, Renounce Religion


You were on level 14 of the Dungeon.
You worshipped Makhleb.
Makhleb was exalted by your worship.
You were not hungry.

You visited 4 branches of the dungeon, and saw 23 of its levels.

You collected 2269 gold pieces.
You spent 1009 gold pieces at shops.

Inventory:

Hand Weapons
 a - a +0 war axe
 D - a +0 vampiric war axe (weapon)
 Q - the +1 hand crossbow of Judgement {velocity, *Drain rF+ Str+5, unknown}
   (You found it on level 12 of the Dungeon)

   Any bolt fired from it inflicts extra damage.
   It affects your strength (+5).
   It protects you from fire.
   It causes draining when unequipped.
 S - a +1 war axe of electrocution
Missiles
 j - 11 javelins (quivered)
 O - 3 throwing nets
Armour
 b - a +0 scale mail
 c - a +0 shield (worn)
 m - a +2 chain mail of poison resistance (worn)
 B - a +2 pair of gloves of dexterity (worn)
 R - a +1 crystal plate armour
Jewellery
 h - a +3 amulet of reflection (around neck)
 u - a +2 ring of strength (left hand)
 E - an uncursed amulet of guardian spirit
 N - an uncursed ring of poison resistance
 X - a ring of stealth (right hand)
Wands
 l - a wand of paralysis (4)
 r - a wand of random effects (7)
 y - a wand of polymorph (31)
 W - a wand of flame (22)
Scrolls
 g - 5 scrolls of teleportation
 i - 9 scrolls of remove curse
 o - 2 scrolls of noise
 q - 3 scrolls of immolation
 s - 7 scrolls of enchant armour
 w - 2 scrolls of blinking
 x - 5 scrolls of fear
 A - 5 scrolls of magic mapping {unknown}
 C - 3 scrolls of fog
 G - a scroll of torment {unknown}
 I - 3 scrolls of identify
 J - a scroll of vulnerability {unknown}
 K - 3 scrolls of enchant weapon {unknown}
 L - a scroll of acquirement {unknown}
 T - a scroll of holy word
 V - a scroll of amnesia {unknown}
Potions
 e - a potion of brilliance
 k - 9 potions of curing
 n - 2 potions of flight
 p - 7 potions of lignification
 t - 2 potions of ambrosia
 z - 4 potions of degeneration
 F - a potion of heal wounds
 H - 2 potions of haste {unknown}
 M - a potion of resistance {unknown}
 U - a potion of cancellation
Miscellaneous
 d - a lamp of fire (inert)
 v - a lightning rod (inert)
Comestibles
 f - 22 rations
 Y - a chunk of flesh


   Skills:
 + Level 8.2 Fighting
 * Level 12.9 Axes
 - Level 14.5 Armour
 - Level 14.1 Dodging
 - Level 14.5 Shields
 - Level 6.8 Evocations


You had 14 spell levels left.
You didn't know any spells.
Your spell library contained the following spells:

 Spells                   Type           Power        Failure   Level  Hunger
 Animate Skeleton         Necr           N/A          80%         1    ##.....
 Apportation              Tloc           #.....       80%         1    ##.....
 Beastly Appendage        Tmut           #.....       80%         1    ##.....
 Confusing Touch          Hex            #.....       80%         1    ##.....
 Magic Dart               Conj           #...         80%         1    ##.....
 Summon Butterflies       Summ           #.......     80%         1    ##.....
 Summon Small Mammal      Summ           #...         80%         1    ##.....
 Corpse Rot               Necr           N/A          91%         2    ###....
 Ensorcelled Hibernation  Hex/Ice        #.....       91%         2    ###....
 Searing Ray              Conj           #.....       91%         2    ###....
 Sticks to Snakes         Tmut           #.......     91%         2    ###....
 Sublimation of Blood     Necr           #.........   91%         2    ###....
 Confuse                  Hex            #.......     99%         3    ####...
 Dazzling Spray           Conj/Hex       #.....       99%         3    ####...
 Gell's Gravitas          Tloc           #.........   99%         3    ####...
 Lesser Beckoning         Tloc           #.........   99%         3    ####...
 Spider Form              Tmut/Pois      #.........   99%         3    ####...
 Tukima's Dance           Hex            #.......     99%         3    ####...
 Force Lance              Conj/Tloc      #.......     100%        4    #####..
 Fulminant Prism          Conj/Hex       #.........   100%        4    #####..
 Ice Form                 Ice/Tmut       #.......     100%        4    #####..
 Iskenderun's Mystic Bla  Conj           #.......     100%        4    #####..
 Petrify                  Tmut/Erth      #.......     100%        4    #####..
 Alistair's Intoxication  Tmut/Pois      #.......     100%        5    ######.
 Blade Hands              Tmut           #.........   100%        5    ######.
 Metabolic Englaciation   Hex/Ice        #.........   100%        5    ######.
 Yara's Violent Unravell  Hex/Tmut       #.........   100%        5    ######.
 Invisibility             Hex            #.......     100%        6    #######
 Ozocubu's Refrigeration  Ice            #.........   100%        6    #######


Dungeon Overview and Level Annotations

Branches:
Dungeon (14/15)            Temple (1/1) D:5            Lair (6/6) D:9
 Shoals (0/4) Lair:2        Snake (0/4) Lair:3        Slime (0/5) Lair:5
    Orc (2/2) D:12            Elf (0/3) Orc:2        Vaults (0/5) D:13

Altars:
Ashenzari
Cheibriados
Elyvilon
Fedhas
Gozag
Hepliaklqana
Kikubaaqudgha
Makhleb
Nemelex Xobeh
Okawaru
Qazlal
Ru
Sif Muna
Trog
Uskayaw
Vehumet
Wu Jian
Xom
Yredelemnul
Zin
The Shining One
Beogh

Shops:
D:5 [   D:9 (   D:10 [   Orc:1 :   Orc:2 ?*=%

Annotations:
D:4 3 runed translucent doors, Kairos's ghost, amateur VSAs; Karim's ghost, amateur NaIE; bmj180's ghost, amateur GrEE; esteth's ghost, amateur DEFE
D:14 3 runed translucent doors, EtherCrawl's ghost, adept GnEn


Innate Abilities, Weirdness & Mutations

You are resistant to damage.
You can heal yourself by infusing magical energy.
You resist negative energy. (rN+)
You passively map the area around you.
You do not regenerate.


Message History

The tengu warrior hits your juvenile weirdsting beast with a +0 war axe.
The tengu warrior pecks you but does no damage.
You block the tengu warrior's attack.
Your juvenile weirdsting beast misses the tengu warrior.
Your juvenile weirdsting beast grabs the tengu warrior.
Your juvenile weirdsting beast stings the tengu warrior but does no damage.
Your juvenile weirdsting beast constricts the tengu warrior.
The tengu warrior dies!
Makhleb accepts your kill. The tengu reaver misses you.
Items here: ) [[ † a +0 war axe; a +0 leather armour; a +0 shield; a tengu corpse You slice the battlesphere!!
The battlesphere is severely damaged.
You slash the tengu reaver!
You feel better. The tengu reaver casts a spell at you.
The bolt of magma hits you!!
* * * LOW HITPOINT WARNING * * *
The battlesphere fires!
The barrage of energy hits you!
You die...

#.#####.## ##...## #.# ##.##
##...## #.###.## ##...## #....##
###,,##...## #.#.##.
##[##,.##...##
#..##..##)..##..##...##
##...##.(##...##..##...#
#.##..##.Q#'#..##..##..#
##.##..##H@H##..##...#.#
##.##..##..|##..##....##
##.##..##*##..##.##...###
##.##..###..##.##.....#.
#####.##÷.#..##)..........
##...#..##...##............
#######........##.##.............
................###..............
######...........#.......#.....##


You could see a sphinx, a tengu reaver, a battlesphere and a friendly juvenile
weirdsting beast.

Vanquished Creatures
  2 sphinxes
  A frost giant (D:12)
  Nessos (Lair:5)
  2 hydras
  Harold (D:11)
  The ghost of vatarom the Envoy of Void, a journeyman DsAK of Lugonu (D:11)
  3 catoblepae (Lair:6)
  12 two-headed ogres
  A dancing weapon (D:11)
  4 ogre magi
  12 death yaks
  Urug (D:10)
  A deep troll earth mage (D:12)
  A deep elf knight (D:13)
  Sonja (Orc:2)
  2 skeletal warriors
  An unseen horror (D:11)
  2 deep trolls (Orc:2)
  2 deep elf magi (D:13)
  A flayed ghost (D:14)
  2 orc knights
  4 manticores
  2 cyclopes
  4 oklob plants (Lair:5)
  2 ugly things
  2 orc sorcerers (Orc:2)
  A centaur zombie (D:13)
  Psyche (D:11)
  A black mamba (Lair:5)
  4 centaur skeletons
  6 komodo dragons
  8 spiny frogs
  An efreet (D:14)
  3 rime drakes
  A queen bee (Lair:2)
  12 trolls
  A polar bear (D:12)
  A hornet (D:13)
  11 hippogriffs
  3 blink frogs (Lair:3)
  3 slime creatures (Lair:5)
  7 dream sheep (Lair:6)
  A shadow (D:12)
  2 wraiths
  A wyvern (Lair:6)
  A vampire (D:11)
  59 yaks
  A human (D:9)
  3 basilisks
  4 hogs (D:9)
  A hungry ghost (D:12)
  3 nagas (Lair:3)
  2 acid dragons
  3 wargs (Orc:2)
  12 water moccasins
  2 soldier ants (D:13)
  16 orc warriors
  8 porcupines
  2 sky beasts
  3 ice beasts
  3 black bears
  9 wolves
  28 ogres
  2 centaurs
  7 crocodiles
  2 big kobolds (D:9)
  12 bullfrogs
  A gnoll sergeant (D:5)
  2 wyvern skeletons
  4 scorpions
  47 killer bees
  An electric eel (Lair:6)
  7 howler monkeys
  7 crimson imps
  A quasit (D:9)
  A bullfrog zombie (D:5)
  5 hounds
  2 jellies
  4 bullfrog skeletons
  8 orc priests
  13 orc wizards
  6 iguanas
  Terence (D:2)
  Natasha (thrice) (D:2)
  8 worker ants
  A hound zombie (D:5)
  2 hound skeletons (D:10)
  8 gnolls
  11 adders
  3 howler monkey skeletons
  2 shadow imps
  An ufetubus (D:12)
  2 oozes
  An adder zombie (D:7)
  An adder skeleton (D:5)
  5 worms
  A dart slug (D:2)
  3 leopard geckos
  60 orcs
  4 ball pythons
  9 bats
  5 giant cockroaches
  10 goblins
  8 hobgoblins
  12 jackals
  7 quokkas
  6 frilled lizards
  A giant cockroach zombie (D:5)
  15 kobolds
  10 rats
  2 fungi
  5 plants
635 creatures vanquished.

Vanquished Creatures (collateral kills)
  A tengu warrior (D:14)
  An orc knight (Orc:1)
  A warg (Orc:1)
  An orc warrior (Orc:1)
  An ogre (Orc:1)
5 creatures vanquished.

Vanquished Creatures (others)
  A deep elf mage (D:13)
  2 cyclopes
  A wolf (D:12)
  An orc priest (D:13)
  An orc (D:8)
  6 fungi
  6 plants
18 creatures vanquished.

Grand Total: 658 creatures vanquished

Notes
Turn   | Place    | Note
-------+----------+-------------------------------------------
     0 | D:1      | vishdafish the Deep Dwarf Fighter began the quest for the
                  | Orb.
     0 | D:1      | Reached XP level 1. HP: 20/20 MP: 1/1
   102 | D:1      | Reached XP level 2. HP: 24/27 MP: 2/2
   299 | D:1      | Reached XP level 3. HP: 29/34 MP: 3/3
   787 | D:2      | Noticed Terence
   793 | D:2      | Killed Terence
   793 | D:2      | Reached XP level 4. HP: 27/42 MP: 4/4
   841 | D:2      | Found an ornate altar of the Wu Jian Council.
   946 | D:2      | Reached XP level 5. HP: 26/50 MP: 5/5
  1079 | D:2      | Reached skill level 5 in Axes
  1322 | D:2      | Noticed Natasha
  1332 | D:2      | Killed Natasha
  1382 | D:2      | Noticed Natasha
  1395 | D:2      | Killed Natasha
  1411 | D:2      | Noticed Natasha
  1423 | D:2      | Killed Natasha
  1503 | D:3      | Reached XP level 6. HP: 26/57 MP: 5/5
  2087 | D:3      | Found an ancient bone altar of Kikubaaqudgha.
  2350 | D:3      | Found a faded altar of an unknown god.
  2714 | D:4      | Reached skill level 1 in Evocations
  2896 | D:4      | Found a shimmering altar of Xom.
  2904 | D:4      | Found a runed translucent gate.
  2911 | D:4      | Found a shimmering altar of Xom.
  2914 | D:4      | Noticed an angel
  2917 | D:4      | Found a glowing silver altar of Zin.
  3010 | D:4      | Found a runed translucent gate.
  3011 | D:4      | Found a runed translucent gate.
  3012 | D:4      | Noticed bmj180's ghost (amateur GrEE)
  3012 | D:4      | Noticed Kairos's ghost (amateur VSAs)
  3013 | D:4      | Noticed Karim's ghost (amateur NaIE)
  3013 | D:4      | Noticed esteth's ghost (amateur DEFE)
  3799 | D:5      | Entered Level 5 of the Dungeon
  3850 | D:5      | Found a basalt altar of Yredelemnul.
  3860 | D:5      | Reached XP level 7. HP: 23/66 MP: 7/7
  3891 | D:5      | Found a staircase to the Ecumenical Temple.
  3929 | Temple   | Entered the Ecumenical Temple
  4219 | D:5      | Found Jaute's Armour Shop.
  4249 | D:5      | Found a blossoming altar of Fedhas.
  4515 | D:5      | Reached skill level 5 in Evocations
  4823 | D:5      | Found a deep blue altar of Sif Muna.
  4975 | D:6      | Found a bloodstained altar of Trog.
  4987 | D:6      | Reached skill level 5 in Fighting
  4994 | D:6      | Reached XP level 8. HP: 37/74 MP: 7/9
  5738 | D:7      | Found a burning altar of Makhleb.
  5757 | D:7      | Became a worshipper of Makhleb the Destroyer
  5905 | D:7      | Reached skill level 1 in Dodging
  5916 | D:8      | HP: 3/75 [ogre/cursed -3 giant club (16)]
  6171 | D:8      | Gained mutation: You passively map the area around you.
                  | [Deep Dwarf growth]
  6171 | D:8      | Reached XP level 9. HP: 38/81 MP: 11/11
  6445 | D:9      | Reached skill level 5 in Armour
  6445 | D:9      | Reached skill level 5 in Shields
  6468 | D:9      | Found Esytatol's Weapon Shoppe.
  6513 | D:9      | Bought a +0 vampiric war axe for 175 gold pieces
  6701 | D:9      | Reached * piety under Makhleb
  6706 | D:9      | Reached skill level 5 in Dodging
  6731 | D:9      | Found a white marble altar of Elyvilon.
  6857 | D:9      | Reached XP level 10. HP: 88/88 MP: 10/10
  6911 | D:9      | Noticed a death yak
  6911 | D:9      | Noticed a death yak
  6915 | D:9      | Noticed a death yak
  6972 | D:8      | Killed a death yak
  7028 | D:9      | Found a staircase to the Lair.
  7062 | D:8      | Killed a death yak
  7201 | D:9      | HP: 4/88 [death yak (14)]
  7226 | D:9      | Killed a death yak
  7230 | D:9      | Reached ** piety under Makhleb
  7660 | D:10     | Entered Level 10 of the Dungeon
  7809 | D:10     | Noticed Urug
  7835 | D:10     | Killed Urug
  7835 | D:10     | Reached XP level 11. HP: 28/96 MP: 10/10
  7873 | D:10     | Noticed a two-headed ogre
  7891 | D:10     | Killed a two-headed ogre
  8141 | D:10     | Found Kaumyla's Antique Armour Boutique.
  8149 | D:10     | Bought a shiny chain mail for 217 gold pieces
  8387 | D:10     | HP: 1/96 [something (6)]
  8881 | Lair:1   | Entered Level 1 of the Lair of Beasts
  9044 | Lair:1   | Found an ornate altar of the Wu Jian Council.
  9071 | Lair:1   | Reached skill level 10 in Armour
  9071 | Lair:1   | Reached skill level 10 in Shields
  9082 | Lair:1   | Identified the Compendium of the Doomed Snowflakes
  9137 | Lair:1   | Reached *** piety under Makhleb
  9651 | Lair:2   | Found a staircase to the Shoals.
  9721 | Lair:2   | Reached skill level 10 in Dodging
 10480 | Lair:3   | Reached **** piety under Makhleb
 10480 | Lair:3   | Reached XP level 12. HP: 101/103 MP: 11/11
 10618 | Lair:3   | Found a staircase to the Snake Pit.
 10766 | Lair:3   | You fall through a shaft for 3 floors!
 10766 | Lair:6   | Entered Level 6 of the Lair of Beasts
 11557 | Lair:5   | Noticed Nessos
 11726 | Lair:5   | HP: 3/103 [spiny frog (9)]
 11914 | Lair:5   | Found a staircase to the Slime Pits.
 11999 | Lair:5   | Killed Nessos
 12915 | Lair:6   | Reached XP level 13. HP: 49/110 MP: 11/11
 13144 | Lair:6   | Reached ***** piety under Makhleb
 13343 | Lair:6   | HP: 1/110 [catoblepas (8)]
 15560 | D:11     | Noticed Harold
 15624 | D:11     | Killed Harold
 15773 | D:11     | Noticed Psyche
 16084 | D:11     | Found a shimmering altar of Xom.
 16084 | D:11     | Noticed vatarom's ghost (journeyman DsAK)
 16085 | D:11     | Found a runed translucent door.
 16175 | D:11     | Killed Psyche
 16175 | D:11     | Gained mutation: You resist negative energy. (rN+) [Deep
                  | Dwarf growth]
 16175 | D:11     | Reached XP level 14. HP: 116/117 MP: 12/12
 16628 | D:11     | Killed vatarom's ghost
 16661 | D:12     | Found a frozen archway.
 16760 | D:12     | Noticed a sphinx
 16789 | D:12     | Killed a sphinx
 16889 | D:12     | Noticed a frost giant
 16905 | D:12     | Killed a frost giant
 17077 | D:12     | Got a shimmering hand crossbow
 17150 | D:12     | Found a staircase to the Orcish Mines.
 17201 | Orc:1    | Entered Level 1 of the Orcish Mines
 17345 | Orc:1    | Found Oxan's Book Shoppe.
 17353 | Orc:1    | Found a roughly hewn altar of Beogh.
 17661 | Orc:2    | Entered Level 2 of the Orcish Mines
 17662 | Orc:2    | Found a roughly hewn altar of Beogh.
 17665 | Orc:2    | Reached ****** piety under Makhleb
 17794 | Orc:2    | Paralysed by an orc sorcerer for 2 turns
 17822 | Orc:2    | Noticed Sonja
 17849 | Orc:2    | Killed Sonja
 17856 | Orc:2    | Reached skill level 10 in Axes
 18160 | Orc:2    | Found Zeha Coy's Magic Scroll Emporium.
 18160 | Orc:2    | Found Iluadaw's Assorted Antiques.
 18164 | Orc:2    | Found Leaxtausoh's Jewellery Shop.
 18165 | Orc:2    | Found Jeymueni's Food Boutique.
 18167 | Orc:2    | Found a staircase to the Elven Halls.
 18187 | Orc:2    | Bought a scroll labeled MAHATT GEMOHOA for 23 gold pieces
 18187 | Orc:2    | Bought a scroll labeled HAXUR KIYPROIP for 23 gold pieces
 18346 | Orc:2    | Bought a scroll of enchant armour for 90 gold pieces
 18346 | Orc:2    | Bought a scroll of fear for 42 gold pieces
 18346 | Orc:2    | Bought a scroll of teleportation for 36 gold pieces
 18346 | Orc:2    | Bought a scroll of holy word for 90 gold pieces
 18346 | Orc:2    | Bought a scroll of fog for 24 gold pieces
 18346 | Orc:2    | Bought a scroll of teleportation for 36 gold pieces
 18352 | Orc:2    | Bought a potion of cancellation for 184 gold pieces
 18352 | Orc:2    | Bought a potion of curing for 69 gold pieces
 18698 | D:13     | Reached XP level 15. HP: 129/129 MP: 13/13
 18817 | D:13     | Found a gate to the Vaults.
 19370 | D:14     | Found a runed translucent gate.
 19372 | D:14     | Found an opulent altar of Gozag.
 19374 | D:14     | Noticed a fire giant
 19374 | D:14     | Noticed a frost giant
 19374 | D:14     | Noticed EtherCrawl's ghost (adept GnEn)
 19375 | D:14     | Found a runed translucent gate.
 19375 | D:14     | Found a runed translucent gate.
 19654 | D:14     | Noticed a sphinx
 19661 | D:14     | Paralysed by a sphinx for 6 turns
 19685 | D:14     | Killed a sphinx
 19880 | D:14     | Noticed a tengu reaver
 19883 | D:14     | Noticed a sphinx
 19896 | D:14     | Killed from afar by a battlesphere

Skill      XL: |  1  2  3  4  5  6  7  8  9 10 11 12 13 14 15 |
---------------+----------------------------------------------+-----
Axes           | 3 4 5 6 7 8 11 12 | 12.9
Fighting       | 3 4 5 7 8 |  8.2
Evocations     | 3 5 6 |  6.8
Dodging        | 2 6 8 10 12 13 14 | 14.1
Shields        | 4 7 9 11 12 14 | 14.5
Armour         | 4 7 9 11 12 14 | 14.5

Action                   |  1- 3 |  4- 6 |  7- 9 | 10-12 | 13-15 || total
-------------------------+-------+-------+-------+-------+-------++-------
Melee: War axe           |   104 |   244 |   299 |  1215 |  1656 ||  3518
Throw: Javelin           |     4 |    21 |    23 |    25 |     8 ||    81
Invok: Minor Destruction |       |       |       |     1 |       ||     1
 Abil: Heal Wounds       |       |     2 |     9 |     9 |     4 ||    24
Evoke: Wand              |       |       |    21 |    50 |     3 ||    74
       Lamp of fire      |       |       |       |     3 |     3 ||     6
       Phantom mirror    |       |       |       |       |     1 ||     1
       Lightning rod     |       |       |       |       |     6 ||     6
       Box of beasts     |       |       |       |       |     2 ||     2
  Use: Scroll            |       |       |     6 |    11 |     3 ||    20
       Potion            |       |       |     1 |    11 |     3 ||    15
 Stab: Paralysed         |       |       |    13 |    20 |     7 ||    40
       Petrified         |       |       |       |       |    13 ||    13
       Distracted        |       |       |       |       |     1 ||     1
  Eat: Ration            |       |     2 |     3 |     4 |     5 ||    14
       Chunk             |       |     4 |     4 |     9 |    14 ||    31
Armor: Scale mail        |    35 |    78 |    84 |    54 |       ||   251
       Chain mail        |       |       |       |   389 |   657 ||  1046
       Crystal plate arm |       |       |       |       |    10 ||    10
Dodge: Dodged            |    35 |    51 |    87 |   603 |  1278 ||  2054
Block: Shield            |    64 |   156 |   196 |  1077 |  1945 ||  3438
       Reflection        |     4 |     1 |     6 |    15 |    23 ||    49
